 Dungeon Crawl Stone Soup version 0.23.0 (webtiles) character file.

Game seed: 12055227508272652781

67 George the Slasher (level 3, -1/31 HPs)
             Began as a Minotaur Fighter on Feb 14, 2019.
             Slain by a shadow imp (2 damage)
             ... on level 3 of the Dungeon.
             The game lasted 00:01:23 (951 turns).

George the Slasher (Minotaur Fighter)                Turns: 951, Time: 00:01:24

Health: -1/31      AC:  9    Str: 21    XL:     3   Next: 98%
Magic:  2/2        EV:  7    Int:  5    God:
Gold:   46         SH:  9    Dex:  9    Spells: 2/2 levels left

rFire    . . .     SeeInvis .   a - +0 long sword
rCold    . . .     Gourm    .   c - +0 shield
rNeg     . . .     Faith    .   b - +0 scale mail
rPois    .         Spirit   .   l - +1 hat
rElec    .         Reflect  .   (no cloak)
rCorr    .         Harm     .   (no gloves)
MR       .....                  m - +0 pair of boots
Stlth    ..........             (no amulet)
HPRegen  0.10/turn              (no ring)
MPRegen  0.08/turn              (no ring)

@: no status effects
A: retaliatory headbutt, horns 2
a: no special abilities


You were on level 3 of the Dungeon.
You were not hungry.

You visited 1 branch of the dungeon, and saw 4 of its levels.

You collected 46 gold pieces.

Inventory:

Hand Weapons
 a - a +0 long sword (weapon)
Armour
 b - a +0 scale mail (worn)
 c - a +0 shield (worn)
 l - a +1 hat (worn)
 m - a +0 pair of boots (worn)
Scrolls
 e - 2 scrolls of remove curse {unknown}
 j - a scroll of blinking {unknown}
Potions
 d - a potion of might
 g - a potion of cancellation {unknown}
 h - a potion of brilliance {unknown}
 i - a potion of heal wounds {unknown}
 k - a potion of degeneration {unknown}
Comestibles
 f - 3 rations


   Skills:
 - Level 3.6 Fighting
 + Level 5.2 Long Blades
 - Level 3.6 Armour
 - Level 3.6 Shields


You had 2 spell levels left.
You didn't know any spells.
Your spell library was empty.

Dungeon Overview and Level Annotations

Branches:
Dungeon (4/15)
 Temple: D:4-7

Altars:
Uskayaw

Annotations:
D:3 Blork the orc


Innate Abilities, Weirdness & Mutations

You reflexively headbutt those who attack you in melee.
You have a pair of horns on your head.


Message History

Blork the orc gestures at you while chanting.
The puff of flame hits you.
* * * LOW HITPOINT WARNING * * *
The hobgoblin barely misses you. The shadow imp hits you.
* * * LOW HITPOINT WARNING * * *
You hit Blork the orc.
Blork the orc is moderately wounded.
The quokka bites you but does no damage.
Blork the orc hits you with a +0 flail.
* * * LOW HITPOINT WARNING * * *
You block the hobgoblin's attack. The quokka barely misses you.
The shadow imp hits you but does no damage.
Your shield prevents you from hitting Blork the orc.
Blork the orc is moderately wounded.
The quokka closely misses you. You furiously retaliate!
You headbutt the quokka, but do no damage.
The hobgoblin closely misses you. Blork the orc hits you with a +0 flail.
* * * LOW HITPOINT WARNING * * *
The shadow imp hits you.
You die...

#########
.........
#........
###o.......
#.r@.......
#.....#g5......
.w### #.)......
#########


You could see Blork the orc, a worm, a shadow imp, a quokka and a hobgoblin.

Vanquished Creatures
  An orc priest (D:4)
  A gnoll (D:1)
  2 dart slugs
  4 leopard geckos (D:1)
  2 goblins (D:1)
  4 hobgoblins (D:1)
  2 jackals (D:1)
  2 frilled lizards
  A kobold (D:1)
  2 rats (D:1)
21 creatures vanquished.

Notes
Turn   | Place    | Note
-------+----------+-------------------------------------------
     0 | D:1      | George the Minotaur Fighter began the quest for the Orb.
     0 | D:1      | Reached XP level 1. HP: 19/19 MP: 0/0
    97 | D:1      | Reached skill level 3 in Long Blades
    97 | D:1      | Reached XP level 2. HP: 15/26 MP: 1/1
   374 | D:1      | Reached skill level 4 in Long Blades
   588 | D:1      | Reached XP level 3. HP: 31/31 MP: 2/2
   919 | D:2      | Found a hide-covered altar of Uskayaw.
   926 | D:2      | You fall through a shaft for 2 floors!
   929 | D:4      | Reached skill level 5 in Long Blades
   943 | D:4      | Noticed Blork the orc
   951 | D:3      | HP: 1/31 [Blork the orc/+0 flail (3)]
   951 | D:3      | Slain by a shadow imp

Skill      XL: |  1  2  3 |
---------------+----------+-----
Long Blades    | 3 4 5 |  5.2
Fighting       | |  3.6
Armour         | |  3.6
Shields        | |  3.6

Action                   || total
-------------------------++-------
Melee: Long sword        ||    69
       Headbutt          ||     9
Armor: Scale mail        ||    35
Dodge: Dodged            ||    28
Block: Shield            ||    37
       Rpst.: Long sword ||     4
